Map: Thunderbird LE

Players

ShoWTimE - Winner!

  • Race: Protoss Protoss
  • League: Grandmaster
  • Spawn Location: 5:00

Bomber

  • Race: Terran Terran
  • League: Diamond
  • Spawn Location: 11:00

Event: 2019 Assembly Summer

VOD

Have the link to the VOD?

Description

Time

  • Played on: Aug. 1, 2019, 10:41 a.m.
  • Length: 10:09

All games in this series

Show
View Real Time Build Order
Export as new Build Order

ShoWTimE Protoss - Winner!

Build Orders: 1 Gate Expand, Phoenix Opening, Blink Stalkers 

Get SALT Encoding   

  12  0:00  Probe  
  13  0:12  Probe  
  14  0:17  Pylon  
  14  0:24  Probe  
  15  0:32  Probe  
  15  0:36  Gateway  
  15  0:40  Probe  
  16  0:46  Assimilator  
  17  0:51  Probe  
  18  1:03  Probe  
  19  1:15  Probe  
  20  1:23  Cybernetics Core  
  20  1:32  Nexus  
  20  1:35  Probe  
  21  1:42  Pylon  
  21  1:47  Probe  
  21  1:51  Adept, Assimilator  
  22  2:00  Probe  
  25  2:03  Warp Gate  
  25  2:12  Probe  
  26  2:21  Sentry, Probe  
  29  2:30  Probe  
  30  2:38  Probe, Twilight Council  
  30  2:40  Probe  
  31  2:47  Stalker  
  31  2:48  Probe  
  31  2:50  Probe  
  35  2:55  Phoenix  
  36  2:58  Probe  
  36  3:02  Gateway, Probe  
  36  3:04  Blink  
  38  3:08  Probe  
  39  3:14  Probe  
  39  3:16  Probe  
  40  3:20  Pylon  
  40  3:24  Stalker  
  40  3:25  Probe  
  40  3:26  Probe  
  44  3:31  Assimilator  
  45  3:37  Probe  
  45  3:38  Probe  
  46  3:44  Gateway  
  46  3:49  Probe  
  46  3:50  Gateway  
  47  3:56  Stalker  
  47  3:59  Probe  
  47  4:01  Probe  
  51  4:02  Pylon  
  51  4:04  Stalker  
  53  4:19  Probe  
  47  4:25  Stalker  
  47  4:26  Probe  
  47  4:31  Probe  
  46  4:35  Probe  
  45  4:43  Probe x2  
  47  4:47  Dark Shrine  
  47  4:51  Robotics Facility  
  48  4:53  Probe  
  48  4:55  Probe  
  50  5:01  Probe  
  51  5:09  Nexus  
  50  5:15  Stalker x2  
  50  5:17  Probe  
  50  5:20  Probe  
  53  5:26  Pylon  
  54  5:29  Probe  
  54  5:32  Probe  
  54  5:35  Warp Prism  
  52  5:41  Probe  
  53  5:45  Probe  
  53  5:49  Stalker  
  58  5:50  Probe  
  58  5:53  Pylon  
  58  5:55  Shadow Stride  
  60  5:57  Probe  
  60  5:58  Probe  
  61  6:06  Dark Templar  
  61  6:07  Probe  
  61  6:09  Probe  
  61  6:10  Dark Templar  
  67  6:15  Observer  
  68  6:18  Probe  
  68  6:19  Probe  
  68  6:21  Probe  
  68  6:23  Forge  
  71  6:26  Probe  
  71  6:29  Probe  
  71  6:31  Probe  
  73  6:35  Probe  
  73  6:37  Dark Templar  
  73  6:39  Probe  
  77  6:44  Probe  
  77  6:45  Charge  
  79  6:47  Probe  
  79  6:48  Gateway  
  79  6:49  Gateway  
  79  6:51  Probe  
  81  6:56  Probe  
  81  6:59  Probe  
  83  7:03  Probe  
  83  7:08  Probe  
  85  7:09  Pylon  
  85  7:10  Protoss Ground Armor Level 1  
  85  7:11  Dark Templar, Probe, Assimilator  
  85  7:15  Probe, Assimilator  
  88  7:20  Gateway, Probe  
  88  7:22  Gateway  
  89  7:23  Probe  
  89  7:27  Probe  
  91  7:32  Probe  
  91  7:36  Probe  
  93  7:39  Probe  
  93  7:40  Gateway  
  93  7:42  Gateway  
  93  7:44  Gateway, Probe  
  94  7:48  Probe  
  94  7:51  Probe  
  94  7:53  Sentry x2  
  94  7:54  Zealot  
  94  7:58  Pylon  
  101  8:06  Pylon  
  101  8:08  Immortal  
  101  8:09  Assimilator  
  101  8:13  Forge  
  101  8:16  Probe x3  
  106  8:24  Stalker x5  
  116  8:28  Templar Archives  
  116  8:44  Stalker  
  116  8:52  Pylon  
  116  8:57  Pylon  
  116  9:03  Nexus  
  116  9:04  Pylon  
  116  9:05  Pylon  
  116  9:06  Pylon  
  116  9:09  Shield Battery  
  116  9:10  Immortal, Pylon  
  116  9:11  Dark Templar  
  116  9:12  Zealot, Pylon  
  116  9:16  Zealot x4  
  132  9:23  Pylon  
  132  9:24  Stalker x4  
  140  9:27  Pylon  
  140  9:33  Dark Templar x2  
  140  9:36  Zealot x2  
  140  9:37  Zealot  
  138  9:43  Zealot  
  128  9:52  Stalker x4  
  129  10:06  Zealot  
  129  10:07  Zealot x6  
Show
View Real Time Build Order
Export as new Build Order

Bomber Terran 

Build Orders: Gas First Reaper Expand, Liberator Opening 

Get SALT Encoding   

  12  0:00  SCV  
  13  0:12  SCV  
  14  0:17  Supply Depot  
  14  0:25  SCV  
  15  0:29  Refinery  
  15  0:39  SCV  
  16  0:44  Barracks  
  16  0:51  SCV  
  17  1:03  SCV  
  18  1:15  SCV  
  19  1:31  Orbital Command  
  19  1:32  Reaper  
  20  1:44  Command Center  
  20  1:53  Factory  
  20  1:57  SCV  
  21  2:03  Refinery  
  21  2:06  Barracks Reactor  
  21  2:09  SCV  
  21  2:14  Supply Depot  
  22  2:21  SCV  
  23  2:36  SCV  
  24  2:43  Starport  
  24  2:48  Hellion x2, SCV  
  29  2:56  Orbital Command  
  29  3:00  SCV  
  30  3:09  Hellion x2  
  30  3:10  Barracks Tech Lab  
  30  3:12  SCV  
  35  3:20  Medivac  
  35  3:22  SCV  
  35  3:24  SCV  
  39  3:30  Supply Depot  
  39  3:34  Liberator, SCV  
  40  3:36  SCV  
  40  3:40  Marine x2  
  46  3:49  SCV x2  
  46  3:53  Siege Tank  
  51  3:56  Supply Depot  
  51  4:01  SCV x2  
  53  4:03  Supply Depot, Marine  
  54  4:17  Marine, SCV x2  
  54  4:21  Marine  
  56  4:29  Bunker, SCV x2  
  55  4:34  Siege Tank  
  55  4:35  Marine  
  55  4:39  Supply Depot  
  55  4:41  SCV x2  
  57  4:46  Barracks  
  57  4:48  Barracks  
  57  4:49  Marine  
  58  4:53  Marine  
  58  4:55  SCV x2  
  58  4:58  Bunker  
  61  5:00  Engineering Bay, Refinery  
  61  5:05  Supply Depot  
  61  5:07  SCV x2  
  63  5:17  Command Center  
  63  5:19  Supply Depot, SCV  
  64  5:22  Marauder  
  64  5:23  Stimpack  
  64  5:28  SCV  
  67  5:34  SCV  
  63  5:38  Barracks Tech Lab  
  63  5:41  Starport Reactor  
  63  5:42  SCV  
  64  5:44  Factory Reactor, Refinery  
  64  5:48  Terran Infantry Weapons Level 1  
  64  5:50  Barracks  
  64  5:52  Barracks  
  64  5:55  SCV x2  
  66  5:58  Combat Shield, Marauder  
  66  6:01  Marine  
  66  6:02  Marine  
  66  6:03  Marauder  
  72  6:08  SCV x2  
  74  6:14  Barracks  
  74  6:17  Medivac x2  
  78  6:19  Supply Depot  
  78  6:20  SCV  
  78  6:21  SCV  
  78  6:22  Supply Depot  
  78  6:23  Marine  
  78  6:25  Missile Turret  
  81  6:28  Marauder x2  
  85  6:38  Orbital Command  
  85  6:43  Barracks Tech Lab, Barracks Reactor  
  85  6:47  Supply Depot, Medivac x2  
  85  6:49  Widow Mine x2  
  85  6:52  Marine x2, Marauder x2  
  99  6:57  SCV x2  
  99  6:59  Orbital Command  
  101  7:09  SCV x2  
  101  7:10  Supply Depot x2, Marine x2, Marauder  
  101  7:12  Widow Mine x2  
  101  7:14  Marauder x2  
  115  7:21  SCV x2  
  117  7:22  Marine  
  117  7:23  Marine, Missile Turret  
  117  7:29  Missile Turret  
  115  7:31  Missile Turret  
  115  7:35  Marine x2, Marauder  
  114  7:37  Missile Turret  
  107  7:53  Marine, Marauder x2  
  107  7:58  Medivac x2  
  113  7:59  Concussive Shells  
  112  8:08  Widow Mine x2  
  112  8:20  Marine x2, Marauder x2  
  112  8:21  Marauder  
  112  8:26  Marine  
  121  8:37  Marine  
  120  8:42  Marauder x2  
  120  8:44  Marine  
  120  8:45  Marine, Marauder  
  128  8:50  Marine  
  128  8:52  Missile Turret  
  129  9:00  Medivac  
  129  9:01  Widow Mine x2  
  135  9:03  Marauder  
  135  9:05  Marauder  
  139  9:16  Marauder  
  141  9:20  Supply Depot x2  
  141  9:31  Marine  
  141  9:32  Marine x2, Orbital Command  
  141  9:33  Marauder  
  128  9:44  Marine  
  128  9:45  Marauder x2  
  107  9:48  Marine  
  107  9:50  Marine x2  
Tags
 
Add a new tag
Caveats
  • Supply blocks, unpowered buildings, or Contaminate may cause inaccurate times.
  • Supply counts are checked every 10 seconds.